 Dungeon Crawl Stone Soup version 0.20-a0-1122-gb7cbeb9 (webtiles) character file.

581 Amnesiac the Chiller (level 7, -10/36 HPs)
             Began as a Deep Elf Ice Elementalist on May 14, 2017.
             Mangled by a two-headed ogre
             ... wielding a +0 giant spiked club
              (21 damage)
             ... on level 5 of the Dungeon.
             The game lasted 00:04:28 (2103 turns).

Amnesiac the Chiller (Deep Elf Ice Elementalist)    Turns: 2103, Time: 00:04:28

Health: -10/36     AC:  3    Str:  5    XL:     7   Next: 13%
Magic:  1/16       EV: 16    Int: 22    God:
Gold:   170        SH:  0    Dex: 15    Spells: 4/16 levels left

rFire    . . .     SeeInvis .   k - +0 quarterstaff
rCold    . . .     Gourm    .   (shield currently unavailable)
rNeg     . . .     Faith    .   a - +1 robe
rPois    .         Spirit   .   (no helmet)
rElec    .         Reflect  .   (no cloak)
rCorr    .         Harm     .   (no gloves)
MR       .....                  (no boots)
Stlth    ++........             (no amulet)
Regen    0.2/turn               l - +3 ring of evasion
MPRegen  0.2/turn               (no ring)

@: no status effects
A: no striking features
a: no special abilities


You were on level 5 of the Dungeon.
You were not hungry.

You visited 1 branch of the dungeon, and saw 5 of its levels.

You collected 170 gold pieces.

Inventory:

Hand Weapons
 k - a +0 quarterstaff (weapon)
Missiles
 j - 6 needles of confusion
Armour
 a - a +1 robe (worn)
Jewellery
 l - a +3 ring of evasion (left hand)
Scrolls
 e - 2 scrolls of remove curse {!r, unknown}
Potions
 c - a potion of magic {!q, unknown}
 d - a potion of curing {!q, unknown}
 g - a potion of might {!q, unknown}
 h - a potion of resistance {!q, unknown}
 i - 2 potions of haste {!q, unknown}
Books
 b - a book of Frost

   Spells                             Type                      Level
   a - Freeze                         Ice                          1
   b - Throw Frost                    Conjuration/Ice              2
   c - Ozocubu's Armour               Charms/Ice                   3
   d - Throw Icicle                   Conjuration/Ice              4
   e - Summon Ice Beast               Ice/Summoning                4
Comestibles
 f - a royal jelly


   Skills:
 - Level 2.4 Dodging
 - Level 2.4 Stealth
 - Level 5.0 Spellcasting
 + Level 5.8 Conjurations
 + Level 5.9 Ice Magic


You had 4 spell levels left.
You knew the following spells:

 Your Spells              Type           Power        Failure   Level  Hunger
a - Freeze                Ice            ####         1%          1    None
b - Ozocubu's Armour      Chrm/Ice       ###.....     9%          3    ##.....
c - Summon Ice Beast      Ice/Summ       ###.....     30%         4    ####...
d - Throw Icicle          Conj/Ice       ####....     9%          4    ####...


Dungeon Overview and Level Annotations

Branches:
Dungeon (5/15)
 Temple: D:4-7

Altars:
Dithmenos
Qazlal

Annotations:
D:4 Duvessa


Message History

You are feeling very hungry.
You eat the bread ration.
That bread ration really hit the spot!
c - a purple potion {!q}
f - a royal jelly A two-headed ogre comes into view.
It is wielding two giant spiked clubs.
You see here a scale mail.
The two-headed ogre shouts in stereo!
A frilled lizard comes into view.
Casting: Throw Icicle
Confirm with . or Enter, or press ? or * to list all spells.
Aiming: Throw Icicle
Press: ? - help, Shift-Dir - straight line, f - two-headed ogre
Aim: a two-headed ogre, wielding two giant spiked clubs The shard of ice hits the two-headed ogre.
The two-headed ogre is lightly wounded.
Casting: Throw Icicle
Confirm with . or Enter, or press ? or * to list all spells.
Aiming: Throw Icicle
Press: ? - help, Shift-Dir - straight line, f/p - two-headed ogre
Aim: a two-headed ogre, wielding two giant spiked clubs (lightly wounded)
The shard of ice hits the two-headed ogre.
The two-headed ogre is heavily wounded.
Casting: Throw Icicle
Confirm with . or Enter, or press ? or * to list all spells.
Aiming: Throw Icicle
Press: ? - help, Shift-Dir - straight line, f/p - two-headed ogre
Aim: a two-headed ogre, wielding two giant spiked clubs (heavily wounded)
The shard of ice hits the two-headed ogre.
The two-headed ogre is severely wounded.
Casting: Throw Icicle
Confirm with . or Enter, or press ? or * to list all spells.
Aiming: Throw Icicle
Press: ? - help, Shift-Dir - straight line, f/p - two-headed ogre
Aim: a two-headed ogre, wielding two giant spiked clubs (severely wounded)
The shard of ice hits the two-headed ogre.
The two-headed ogre is almost dead.
The two-headed ogre barely misses you. x2
Casting: Throw Icicle
Confirm with . or Enter, or press ? or * to list all spells.
You don't have enough magic to cast that spell.
Casting: Throw Icicle
Confirm with . or Enter, or press ? or * to list all spells.
Aiming: Throw Icicle
Press: ? - help, Shift-Dir - straight line, f/p - two-headed ogre
Aim: a two-headed ogre, wielding two giant spiked clubs (severely wounded)
The shard of ice hits the two-headed ogre.
The two-headed ogre is severely wounded.
The two-headed ogre hits you with a giant spiked club!!
Ouch! That really hurt!
* * * LOW HITPOINT WARNING * * *
The two-headed ogre hits you with a giant spiked club.
* * * LOW HITPOINT WARNING * * *
Okay, then.
Okay, then.
Casting: Throw Icicle
Confirm with . or Enter, or press ? or * to list all spells.
Aiming: Throw Icicle
Press: ? - help, Shift-Dir - straight line, f/p - two-headed ogre
Aim: a two-headed ogre, wielding two giant spiked clubs (heavily wounded)
The shard of ice hits the two-headed ogre.
The two-headed ogre is severely wounded.
The two-headed ogre hits you with a giant spiked club!!
Ouch! That really hurt!
You die...

### ######### #.############
........# #.......O....#
#######.# #.##########.# #.#
#@# #.# #.# #O# #O# #.# #.#
#.# #.# #.# ##### #.###
####.########.###.[.####...###
#.................#...........
#.##.########.....#.....##.###
####.##.# #.....#..#.....#
......#.# #........#.....#


You could see a two-headed ogre.

Vanquished Creatures
  2 ice beasts (D:5)
  An ogre (D:4)
  A centaur (D:5)
  Dowan (D:4)
  2 scorpions (D:5)
  A jelly (D:5)
  An iguana (D:4)
  A hound skeleton (D:5)
  3 adders
  3 orcs (D:4)
  A hobgoblin (D:1)
  A frilled lizard (D:1)
  2 kobolds (D:1)
20 creatures vanquished.

Vanquished Creatures (others)
  A frilled lizard (D:5)
1 creature vanquished.

Grand Total: 21 creatures vanquished

Notes
Turn   | Place    | Note
-------+----------+-------------------------------------------
     0 | D:1      | Amnesiac the Deep Elf Ice Elementalist began the quest for the Orb.
     0 | D:1      | Reached XP level 1. HP: 10/10 MP: 6/6
   231 | D:4      | Reached XP level 2. HP: 15/15 MP: 1/8
   340 | D:4      | Found a shadowy altar of Dithmenos.
   392 | D:4      | Reached XP level 3. HP: 19/19 MP: 6/10
   397 | D:4      | Learned a level 3 spell: Ozocubu's Armour
   398 | D:4      | Noticed an ogre
   416 | D:4      | Killed an ogre
   416 | D:4      | Reached skill level 5 in Ice Magic
   416 | D:4      | Reached XP level 4. HP: 3/24 MP: 0/12
   422 | D:4      | Learned a level 4 spell: Throw Icicle
   699 | D:4      | Noticed Dowan
   700 | D:4      | Noticed Duvessa
   718 | D:4      | Killed Dowan
   718 | D:4      | Reached XP level 5. HP: 6/28 MP: 4/13
   803 | D:5      | Entered Level 5 of the Dungeon
  1008 | D:5      | Noticed an ice beast
  1014 | D:5      | Found a stormy altar of Qazlal.
  1117 | D:5      | Learned a level 4 spell: Summon Ice Beast
  1120 | D:5      | Noticed an ice beast
  1177 | D:5      | Killed an ice beast
  1177 | D:5      | Reached XP level 6. HP: 11/32 MP: 0/14
  1432 | D:5      | Killed an ice beast
  1432 | D:5      | Reached skill level 5 in Conjurations
  1750 | D:5      | Reached XP level 7. HP: 15/36 MP: 1/16
  1938 | D:5      | Reached skill level 5 in Spellcasting
  1976 | D:5      | Noticed a two-headed ogre
  2103 | D:5      | Mangled by a two-headed ogre

Vault maps used:
D:1:      minmay_arrival_semitransparent
D:2:      nicolae_ashenzari_panopticon, chequers_ecumenical_altar_lobes
D:3:      nicolae_overflow_hidden_temple, grunt_gozag_statues,
          eat_drink_and_be_merry_uskayaw, overflow_temple_1_default,
          first_bread, kennysheep_generic_room_12
D:4:      nicolae_dithmenos_shadow_blocks, uniq_duvessa
D:5:      grunt_qazlal_clouds, minmay_misc_feat_columns, uniq_edmund

Skill      XL: |  1  2  3  4  5  6  7 |
---------------+----------------------+-----
Ice Magic      | 4 5 |  5.9
Spellcasting   | 4 5 |  5.0
Conjurations   | 2 4 5 |  5.8
Dodging        | |  2.4
Stealth        | |  2.4

Action                   |  1- 3 |  4- 6 |  7- 9 || total
-------------------------+-------+-------+-------++-------
Melee: Quarterstaff      |       |     8 |     1 ||     9
 Cast: Freeze            |    21 |    17 |       ||    38
       Ozocubu's Armour  |     1 |       |       ||     1
       Throw Icicle      |       |    13 |    11 ||    24
       Summon Ice Beast  |       |     1 |       ||     1
  Use: Potion            |       |     1 |       ||     1
       Scroll            |       |     1 |       ||     1
  Eat: Meat ration       |       |     1 |       ||     1
       Bread ration      |       |       |     1 ||     1
Armor: Robe              |     1 |     5 |       ||     6
Dodge: Dodged            |    10 |    16 |     3 ||    29
